 Dungeon Crawl Stone Soup version 0.27-a0-1502-g47ed6a6988 (webtiles) character file.

Game seed: 6698557802896414660

390 funkygono the Firebug (level 6, 0/32 HPs)
             Began as a Tengu Fire Elementalist on July 10, 2021.
             Slain by a black bear (1 damage)
             ... on level 4 of the Dungeon.
             The game lasted 00:09:20 (4892 turns).

funkygono the Firebug (Tengu Fire Elementalist)     Turns: 4892, Time: 00:09:21

Health: 0/32       AC:  2    Str:  9    XL:     6   Next: 80%
Magic:  5/13       EV: 15    Int: 17    God:
Gold:   98         SH:  0    Dex: 14    Spells: 5/13 levels left

rFire    . . .     SeeInvis .   c - +9 staff of Wucad Mu {*channel}
rCold    . . .     Faith    .   (no shield)
rNeg     . . .     Spirit   .   a - +0 robe
rPois    .         Reflect  .   (helmet restricted)
rElec    .         Harm     .   (no cloak)
rCorr    .         Rampage  .   (no gloves)
Will     .....                  (boots unavailable)
Stlth    ++........             (no amulet)
HPRegen  0.10/turn              (no ring)
MPRegen  0.13/turn              (no ring)

@: flying quickly and evasively, quick
A: beak, talons 3, nimble flight
a: no special abilities


You were on level 4 of the Dungeon.
You visited 1 branch of the dungeon, and saw 4 of its levels.
You also visited: Sewer.

You collected 98 gold pieces.

Inventory:

Hand Weapons
 c - the +9 staff of Wucad Mu (weapon) {*channel}
   (You acquired it on level 2 of the Dungeon)
 f - a +5 short sword of draining
Armour
 a - a +0 robe (worn)
Scrolls
 h - 3 scrolls of teleportation
 m - a scroll of blinking
Potions
 d - 4 potions of heal wounds
 e - 2 potions of flight {unknown}
 g - a potion of might {unknown}
 i - 6 potions of curing {unknown}
 j - a potion of attraction {unknown}


   Skills:
 + Level 0.1 Fighting
 + Level 2.7 Dodging
 - Level 2.0 Stealth
 * Level 4.0 Spellcasting
 * Level 4.0 Conjurations
 * Level 5.8 Fire Magic


You had 5 spell levels left.
You knew the following spells:

 Your Spells              Type           Power      Damage    Failure   Level
a - Foxfire               Conj/Fire      80%        2x1d8     1%          1
b - Conjure Flame         Conj/Fire      20%        6-21      6%          3
c - Sticky Flame          Conj/Fire      20%        2d4       21%         4

Your spell library contained the following spells:

 Spells                   Type           Power      Damage    Failure   Level
 Inner Flame              Hex/Fire       13%        N/A       14%         3
 Fireball                 Conj/Fire      10%        3d6       50%         5


Dungeon Overview and Level Annotations

Branches:
Dungeon (4/15)              Sewer (visited)
 Temple: D:4-7

Altars:
Dithmenos
Trog

Shops:
D:1 [


Innate Abilities, Weirdness & Mutations

You have a beak for a mouth.
You have claws for feet.
Your magical nature lets you fly swiftly and evasively.


Message History

You conjure some foxfire!
The foxfire hits the black bear.
The black bear is heavily wounded.
The foxfire hits the black bear.
The black bear is heavily wounded.
Unknown command.
Casting: Foxfire (safe; 1% risk of failure)
Confirm with . or Enter, or press ? or * to list all spells.
You conjure some foxfire!
The foxfire hits the black bear!
The black bear is severely wounded.
The foxfire hits the black bear.
The black bear is almost dead.
The black bear goes berserk!
Your magical contamination has completely faded away.
Casting: Foxfire (safe; 1% risk of failure)
Confirm with . or Enter, or press ? or * to list all spells.
You conjure some foxfire!
The foxfire hits the black bear.
The black bear is severely wounded.
The foxfire hits the black bear.
The black bear is almost dead.
The black bear closely misses you. The black bear misses you.
The black bear closely misses you.
Casting: Foxfire (safe; 1% risk of failure)
Confirm with . or Enter, or press ? or * to list all spells.
You conjure some foxfire!
The foxfire hits the black bear.
The black bear is severely wounded.
The foxfire hits the black bear.
The black bear is almost dead.
The black bear bites you! The black bear misses you. The black bear claws you.
The black bear bites you. The black bear claws you. x2
The black bear barely misses you. The black bear claws you.
* * * LOW HITPOINT WARNING * * *
The black bear claws you.
* * * LOW HITPOINT WARNING * * *
Your foxfire dissipates!
The foxfire hits the black bear.
The black bear is almost dead.
The black bear goes berserk!
You hear a shout!
The black bear bites you.
You die...

#............$_
#.... .......P.
.... .........
...##....?...
#..#.........
####..#.........
#.....#hB.......
#..h####...(
#.@.###...##
##..#....#
#..#.# .# #....#
.# #..<.##.#
#.......######
#.#...........
#.#..<#.######
#.#...#.#


You could see 2 black bears and a giant cockroach.

Vanquished Creatures
  A jelly (D:3)
  A bullfrog skeleton (D:4)
  Terence (D:2)
  Jessica (D:3)
  An iguana (D:4)
  12 adders
  5 river rats (Sewer)
  2 worms (D:3)
  2 dart slugs (D:2)
  9 ball pythons
  4 endoplasms
  2 giant cockroaches (D:3)
  3 goblins
  5 hobgoblins
  8 jackals
  3 quokkas (D:3)
  6 bats
  6 frilled lizards
  18 kobolds
  23 rats
113 creatures vanquished.

Vanquished Creatures (others)
  347 foxfires
347 creatures vanquished.

Grand Total: 460 creatures vanquished

Notes
Turn   | Place    | Note
-------+----------+-------------------------------------------
     0 | D:1      | funkygono the Tengu Fire Elementalist began the quest for
                  | the Orb.
     0 | D:1      | Reached XP level 1. HP: 10/10 MP: 4/4
   104 | D:1      | Reached XP level 2. HP: 15/15 MP: 0/6
   223 | D:1      | Found Kufeh's Antique Armour Boutique.
   363 | D:1      | Found a faded altar of an unknown god.
   764 | D:2      | Reached XP level 3. HP: 19/19 MP: 5/7
   918 | D:2      | Reached skill level 4 in Fire Magic
  1111 | D:2      | Found a shadowy altar of Dithmenos.
  1778 | D:2      | Reached XP level 4. HP: 24/24 MP: 5/8
  1821 | D:2      | Learned a level 3 spell: Conjure Flame
  1826 | D:2      | Learned a level 4 spell: Sticky Flame
  2039 | D:2      | Identified a scroll of acquirement
  2039 | D:2      | Acquired the +9 staff of Wucad Mu {*channel}
  2040 | D:2      | Found the +9 staff of Wucad Mu {*channel}
  2165 | D:3      | Noticed Terence
  2188 | D:3      | HP: 1/24 [Terence (5)]
  2204 | D:2      | Killed Terence
  2492 | D:3      | Gained mutation: Your magical nature lets you fly swiftly
                  | and evasively. [Tengu growth]
  2492 | D:3      | Reached XP level 5. HP: 6/28 MP: 0/10
  2696 | D:3      | Found a glowing drain.
  2791 | Sewer    | Entered a sewer
  3196 | Sewer    | Reached skill level 5 in Fire Magic
  3425 | Sewer    | Reached XP level 6. HP: 32/32 MP: 3/12
  4549 | D:3      | Noticed Jessica
  4554 | D:3      | Killed Jessica
  4880 | D:4      | Found a bloodstained altar of Trog.
  4880 | D:4      | Noticed a black bear
  4880 | D:4      | Noticed a black bear
  4889 | D:4      | HP: 1/32 [black bear (6)]
  4892 | D:4      | Slain by a black bear

Illustrated notes

Levels and vault maps discovered:
D:1:      minmay_arrival_stair_chambers, layout_rooms,
          ebering_ecumenical_altar_petrified, serial_shops,
          nicolae_shop_overgrown_old_shop, bh_walls_and_bars
D:2:      minmay_general_purpose_star, layout_basic, basic_altar
D:3:      layout_loops_ring, gup_sewer_entry_spiral, uniq_terence, uniq_jessica
D:4:      layout_rooms, trog_ov_bears_minmay, grunt_temple_overflow_open,
          roderic_serpentine_path, kennysheep_generic_room_15

Skill      XL: |  1  2  3  4  5  6 |
---------------+-------------------+-----
Fire Magic     | 4 5 |  5.8
Conjurations   | 2 3 4 |  4.0
Spellcasting   | 3 4 |  4.0
Fighting       | |  0.1
Dodging        | |  2.7
Stealth        | |  2.0

Action                   |  1- 3 |  4- 6 || total
-------------------------+-------+-------++-------
Melee: Staff             |       |    21 ||    21
       Kick              |       |     3 ||     3
       Peck              |       |     2 ||     2
 Cast: Foxfire           |    54 |   154 ||   208
  Use: Scroll            |     1 |    10 ||    11
       Potion            |       |     3 ||     3
 Stab: Sleeping          |       |     1 ||     1
Armor: Robe              |     2 |    13 ||    15
Dodge: Dodged            |     9 |    58 ||    67

Table legend: (Time is in decaauts)
 A = Elapsed time spent in this place.
 B = Non-inter-level travel time spent in this place.
 C = Inter-level travel time spent in this place.
 D = Time resting spent in this place.
 E = Time spent auto-exploring this place.
 F = Levels seen in this place.
 G = Mean time per level.
                   A        B        C        D        E       F      G
               +--------+--------+--------+--------+--------+-----+--------+
         Total |   4801 |   4753 |     48 |    491 |   3370 |   5 |  960.2 |
       Dungeon |   3583 |   3535 |     48 |    491 |   2352 |   4 |  895.8 |
         Sewer |   1217 |   1217 |      0 |      0 |   1018 |   1 | 1217.0 |
               +--------+--------+--------+--------+--------+-----+--------+

Top non-repeatable levels by time:
     D:2: 1595 daAuts
   Sewer: 1217 daAuts
     D:3: 1141 daAuts
     D:1: 674 daAuts
     D:4: 172 daAuts
